Map: Templo congelado

Players

Mezlo - Winner!

  • Race: Zerg Zerg
  • League: Silver

xXkazperXx

  • Race: Zerg Zerg
  • League: Bronze

VOD

Have the link to the VOD?

Description

Time

  • Played on: April 10, 2016, 10:09 p.m.
  • Length: 25:08
Show
View Real Time Build Order
Export as new Build Order

Mezlo Zerg - Winner!

Build Orders: Pool First 

Get SALT Encoding   

  12  0:01  Drone  
  13  0:10  Drone  
  14  0:17  Overlord  
  14  0:36  Spawning Pool  
  14  0:41  Extractor  
  14  0:42  Drone  
  13  0:44  Drone  
  14  0:55  Drone x2  
  16  1:08  Drone  
  17  1:29  Drone  
  17  1:32  Hatchery  
  17  1:39  Queen  
  19  1:49  Metabolic Boost  
  19  1:59  Evolution Chamber  
  18  2:03  Zergling x4  
  20  2:10  Overlord  
  20  2:26  Baneling Nest  
  19  2:30  Drone x2  
  21  2:45  Queen  
  21  2:46  Drone  
  21  2:49  Zergling x2  
  25  2:58  Zergling x4  
  25  3:01  Zergling x2  
  28  3:11  Zergling x4  
  27  3:23  Zergling x6  
  27  3:24  Zergling x2  
  31  3:32  Zergling x2  
  29  3:40  Baneling x2, Spine Crawler  
  25  3:43  Zergling x2  
  25  3:48  Zergling x2  
  25  4:08  Queen  
  25  4:09  Drone  
  29  4:10  Drone  
  29  4:16  Zergling x2  
  30  4:32  Zergling x6  
  30  4:33  Zergling x2  
  34  4:52  Zergling x4  
  32  4:53  Zergling x8  
  32  5:20  Baneling x4, Roach Warren  
  32  5:21  Baneling  
  31  5:25  Lair  
  31  5:32  Zerg Melee Weapons Level 1  
  31  5:35  Drone  
  32  5:39  Drone  
  33  5:50  Drone x2  
  33  5:52  Zergling x2  
  36  6:11  Overlord  
  36  6:14  Overlord  
  36  6:28  Extractor  
  36  6:29  Queen  
  36  6:32  Centrifical Hooks  
  37  6:42  Burrow  
  37  6:48  Extractor  
  37  6:49  Extractor  
  37  6:53  Drone  
  37  6:54  Drone x3  
  37  6:55  Drone  
  37  7:00  Roach  
  41  7:10  Zergling x2, Roach  
  42  7:28  Drone  
  42  7:29  Roach x3  
  45  7:30  Zergling x2, Roach  
  41  7:42  Roach x3  
  27  8:15  Roach x3  
  27  8:16  Roach x2  
  37  8:29  Zergling x6  
  37  8:30  Zergling x2  
  40  8:45  Roach x9  
  36  8:59  Drone  
  36  9:00  Drone x2  
  39  9:21  Drone  
  39  9:23  Drone x4  
  44  9:34  Queen  
  46  9:43  Baneling x3  
  46  9:44  Baneling  
  46  9:55  Tunneling Claws  
  46  10:15  Overlord x3  
  46  10:33  Drone x2  
  46  10:34  Drone  
  46  10:35  Zergling x4  
  51  10:41  Zergling x2  
  52  11:01  Baneling  
  52  11:02  Baneling x2  
  52  11:14  Zergling x8  
  52  11:15  Zergling x6  
  58  11:26  Roach x4  
  64  11:49  Queen  
  64  11:51  Overseer  
  66  11:57  Roach  
  66  11:59  Overlord  
  68  12:23  Drone x2  
  68  12:24  Queen  
  72  12:33  Hatchery  
  72  12:35  Drone  
  72  12:36  Drone x3  
  75  13:00  Queen, Spire  
  76  13:19  Roach x9  
  76  13:22  Overlord x3  
  76  13:23  Overlord  
  76  13:35  Baneling x4  
  74  14:10  Drone x3  
  74  14:15  Mutalisk  
  79  14:26  Drone x3  
  79  14:28  Queen  
  84  14:47  Zerg Missile Weapons Level 1  
  84  14:55  Evolution Chamber  
  84  14:57  Drone x6  
  84  14:58  Drone x4  
  93  15:01  Zergling x2  
  93  15:06  Overseer  
  60  16:48  Roach x2  
  60  16:49  Roach x3  
  60  16:50  Zergling x2  
  60  16:51  Zergling x24  
  60  16:52  Zergling x12  
  89  16:56  Queen  
  89  17:00  Spore Crawler  
  88  17:21  Overseer  
  88  17:22  Overseer  
  69  17:36  Roach, Spore Crawler  
  65  18:01  Spore Crawler  
  65  18:03  Drone x9  
  73  18:12  Zerg Missile Weapons Level 2  
  73  18:14  Zerg Ground Armor Level 1  
  73  18:22  Extractor  
  73  18:23  Extractor  
  71  18:29  Glial Reconstitution  
  71  18:56  Mutalisk  
  71  19:01  Mutalisk  
  75  19:06  Zergling x4  
  75  19:07  Zergling x28  
  91  19:13  Overlord x2  
  91  19:14  Overlord  
  91  19:27  Mutalisk x2  
  91  19:29  Mutalisk  
  97  19:37  Drone x3  
  100  19:44  Baneling x4  
  100  19:45  Baneling x2  
  100  19:46  Baneling  
  100  19:54  Mutalisk  
  100  19:59  Baneling x3  
  102  20:00  Baneling x4  
  93  20:46  Spore Crawler  
  85  22:19  Queen  
  87  22:22  Queen  
  87  22:25  Mutalisk x3  
  87  22:26  Mutalisk x3  
  87  22:28  Corruptor  
  103  22:50  Roach  
  103  22:51  Roach x2  
  109  22:52  Roach x2  
  109  22:57  Overlord x3  
  109  22:58  Overlord x5  
  113  23:21  Mutalisk x2  
  113  23:22  Mutalisk x6  
  113  23:23  Mutalisk x2  
  133  23:33  Infestation Pit  
  132  23:50  Roach x3  
  132  23:52  Roach x2  
  140  24:24  Overlord x3  
  140  24:25  Overlord x2  
Show
View Real Time Build Order
Export as new Build Order

xXkazperXx Zerg 

Build Orders: Pool First 

Get SALT Encoding   

  12  0:02  Drone  
  13  0:13  Drone  
  14  0:17  Overlord  
  14  0:36  Spawning Pool  
  13  0:43  Drone x2  
  13  0:45  Drone  
  16  0:53  Extractor  
  15  0:58  Drone  
  16  1:11  Drone  
  17  1:24  Zergling x2, Queen  
  20  1:27  Zergling x2  
  21  1:37  Drone  
  22  1:52  Overlord  
  22  1:59  Spine Crawler  
  22  2:01  Zergling x2  
  22  2:08  Roach Warren  
  21  2:10  Zergling x2  
  22  2:25  Zergling x2  
  23  2:43  Zergling x8  
  27  2:49  Extractor  
  26  3:14  Zergling x4  
  26  3:15  Zergling x4  
  28  3:27  Metabolic Boost  
  25  3:35  Roach  
  23  4:01  Roach x3  
  23  4:02  Lair  
  29  4:14  Zergling x2  
  30  4:26  Hatchery  
  23  5:03  Zergling x8  
  26  5:29  Hydralisk Den  
  27  5:35  Roach  
  27  5:36  Roach  
  29  5:46  Evolution Chamber  
  29  5:48  Roach x4  
  36  5:52  Overlord x2  
  36  5:58  Pneumatized Carapace  
  36  6:20  Burrow  
  36  6:34  Drone x2  
  36  6:35  Drone  
  38  7:17  Zergling x4  
  38  7:18  Zergling x8  
  37  7:36  Roach x2  
  33  7:59  Zergling x10  
  30  8:27  Zergling x8, Roach  
  32  8:42  Zergling x4  
  34  8:51  Hydralisk  
  27  9:05  Hydralisk  
  27  9:06  Hydralisk  
  27  9:17  Roach  
  27  9:20  Hydralisk  
  29  9:34  Roach  
  29  9:35  Roach  
  33  9:40  Drone  
  34  9:47  Hydralisk  
  37  10:00  Zergling x4  
  36  10:08  Hydralisk  
  38  10:20  Drone x2  
  40  10:48  Drone x4  
  40  10:49  Drone  
  41  11:37  Hydralisk  
  39  11:52  Zergling x10  
  39  11:53  Zergling x4  
  46  11:58  Spire  
  45  12:17  Lurker Den  
  45  12:18  Drone  
  45  12:19  Drone  
  45  12:20  Drone x3  
  50  12:45  Drone x2  
  50  12:46  Overlord x2  
  52  13:12  Zergling x10  
  45  14:10  Lurker x2  
  45  14:12  Zergling x12  
  53  14:19  Extractor  
  53  14:20  Extractor  
  51  14:28  Tunneling Claws  
  51  14:30  Zerg Missile Weapons Level 1  
  51  15:34  Hydralisk x3  
  51  15:59  Lurker x3  
  54  16:14  Mutalisk x4  
  54  16:15  Mutalisk x2  
  66  16:25  Zerg Ground Armor Level 1  
  65  16:48  Overlord  
  65  16:49  Overlord x5  
  60  17:28  Roach x2  
  50  17:41  Hydralisk x3  
  50  17:42  Hydralisk x3  
  45  17:54  Mutalisk x2  
  45  18:06  Zergling x2  
  45  18:09  Zergling x2  
  47  18:17  Hatchery  
  46  18:20  Mutalisk  
  46  18:26  Drone x3  
  51  18:36  Extractor, Drone  
  51  18:44  Drone  
  52  19:11  Lurker x3  
  52  19:14  Zergling x6  
  52  19:15  Zergling x6  
  61  19:22  Baneling Nest  
  60  19:44  Zergling x8  
  64  19:50  Drone x4  
  64  19:51  Drone  
  60  20:32  Zergling x2  
  60  20:33  Zergling x16  
  48  21:19  Zergling x16  
  48  21:20  Zergling x2  
  51  21:42  Zergling x12  
  50  22:03  Zergling x8  
  50  22:04  Zergling x4  
  48  22:13  Mutalisk x3  
  48  22:30  Mutalisk x3  
  52  22:50  Mutalisk x6  
  64  23:04  Drone x3  
  67  23:12  Extractor  
  66  23:13  Overlord x3  
  66  23:33  Mutalisk x5  
  72  24:29  Zergling x14  
  72  24:30  Zergling x4  
Tags
 
Add a new tag
Caveats
  • Supply blocks, unpowered buildings, or Contaminate may cause inaccurate times.
  • Supply counts are checked every 10 seconds.